 Dungeon Crawl Stone Soup version 0.30.1-11-g7821555f0a (webtiles) character file.

Game seed: 13799818962652035015

506 boopmooplesden the Twirler (level 6, 0/51 HPs)
             Began as a Minotaur Gladiator on Dec 17, 2023.
             Slain by a gnoll
             ... wielding a +0 flail
             ... led by a gnoll bouda
              (10 damage)
             ... on level 4 of the Dungeon.
             The game lasted 00:04:22 (2685 turns).

boopmooplesden the Twirler (Minotaur Gladiator)     Turns: 2685, Time: 00:04:22

Health: 0/51       AC:  4    Str: 21    XL:     6   Next: 97%
Magic:  5/5        EV: 13    Int:  5    God:
Gold:   248        SH:  0    Dex: 11    Spells: 5/5 levels left

rFire   . . .        a - +0 quarterstaff
rCold   . . .        (shield currently unavailable)
rNeg    . . .        b - +0 leather armour
rPois   .            c - +0 hat
rElec   .            (no cloak)
rCorr   .            k - +0 pair of gloves
SInv    .            (no boots)
Will    .....        (no amulet)
Stlth   +            (no ring)
HPRegen 0.28/turn    (no ring)
MPRegen 0.09/turn

%: no passive effects
@: weak-willed
A: horns 2, retaliatory headbutt
a: no special abilities


You were on level 4 of the Dungeon.
You visited 1 branch of the dungeon, and saw 4 of its levels.

You collected 248 gold pieces.

Inventory:

Hand Weapons
 a - a +0 quarterstaff (weapon)
Missiles
 d - 2 throwing nets (quivered)
 e - 7 javelins
Armour
 b - a +0 leather armour (worn)
 c - a +0 hat (worn)
 j - a +0 scale mail
 k - a +0 pair of gloves (worn)
Wands
 p - a wand of light (5)
Scrolls
 h - a scroll of silence
 r - 2 scrolls of identify
Potions
 g - a potion of heal wounds
 i - 2 potions of curing
 l - a potion of flight {unknown}
 m - a potion of lignification {unknown}
 n - a potion of haste {unknown}
 o - a potion of mutation {unknown}
 q - a potion of brilliance {unknown}


   Skills:
 + Level 3.3 Fighting
 + Level 7.3 Staves
 + Level 2.2 Throwing
 + Level 3.3 Armour
 + Level 4.4 Dodging
 + Level 1.2 Stealth


You had 5 spell levels left.
You didn't know any spells.
Your spell library contained the following spells:

 Spells                   Type           Power      Damage    Failure   Level
 Foxfire                  Conj/Fire      0%         2x1d4     52%         1
 Necrotise                Necr           0%         1d4       52%         1
 Ensorcelled Hibernation  Hex/Ice        0%         N/A       67%         2
 Spider Form              Tmut/Pois      0%         N/A       88%         3
 Vampiric Draining        Necr           0%         2d6       88%         3
 Anguish                  Hex/Necr       0%         N/A       99%         4
 Agony                    Necr           0%         N/A       100%        5
 Fireball                 Conj/Fire      0%         3d3       100%        5
 Plasma Beam              Fire/Air       0%         2x1d11    100%        6
 Starburst                Conj/Fire      0%         6d3       100%        6


Dungeon Overview and Level Annotations

Branches:
Dungeon (4/15)
 Temple: D:4-7

Altars:
Qazlal

Shops:
D:1 *   D:4 *


Innate Abilities, Weirdness & Mutations

You have a pair of horns on your head.
You reflexively headbutt those who attack you in melee.


Message History

Magic quickly surges around you.
It was a scroll of vulnerability.
The gnoll barely misses you.
The gnoll bouda hits you from afar with a +0 trident!
* * * LOW HITPOINT WARNING * * *
The black bear bites you but does no damage.
The black bear closely misses you.
The black bear claws you but does no damage.
Unknown command.
Okay, then.
You feel much better. The gnoll completely misses you.
The gnoll bouda closely misses you.
The black bear bites you but does no damage.
The black bear claws you. The black bear barely misses you.
The gnoll barely misses you.
The black bear attacks as you move away!
The black bear bites you but does no damage.
The black bear claws you but does no damage.
The black bear claws you.
The gnoll bouda gazes fiercely through you!
You feel your attacks grow feeble. The gnoll hits you with a +0 flail.
The gnoll bouda barely misses you. The gnoll hits you with a +0 flail!
* * * LOW HITPOINT WARNING * * *
You see here a fuming silvery potion.
You feel much better.
The gnoll hits you from afar with a +0 halberd.
The gnoll bouda closely misses you. The black bear completely misses you.
The black bear claws you. x2; The gnoll closely misses you.
Your attacks no longer feel as feeble.
The gnoll is no longer moving quickly. x2; The gnoll bouda barely misses you.
You hit the gnoll but do no damage. You headbutt the gnoll.
The gnoll is lightly wounded.
The gnoll hits you from afar with a +0 halberd.
* * * LOW HITPOINT WARNING * * *
The gnoll bouda barely misses you.
The black bear bites you but does no damage.
The black bear claws you.
* * * LOW HITPOINT WARNING * * *
The black bear barely misses you. The gnoll hits you with a +0 flail!
You die...

####............#.. #
##...............##
#####................##
......................#
...##.................#
##...........)........ ######
####...........#...####......
#...?.........g.......##
#####...........@h...#.....#
.^.............##g.#.)..##....
####.....).....##.g#.#..# #
#####....#.#.........).##
...)..##g..............## .
...#######.###..........#. .
#รท....# #...#................
....#.######...........#......
.......................#......


You could see a black bear (weak-willed), a gnoll bouda (weak-willed) and 2
gnolls.

Vanquished Creatures
  Grinder (D:3)
  Duvessa (D:4)
  Dowan (D:4)
  Ijyb (D:3)
  An orc wizard (D:3)
  3 gnolls (D:4)
  An adder (D:2)
  2 dart slugs (D:1)
  2 orcs (D:3)
  3 endoplasms
  6 giant cockroaches
  10 goblins
  13 hobgoblins
  3 jackals (D:1)
  4 kobolds
  3 quokkas
  8 ball pythons
  3 bats
  2 frilled lizards (D:2)
  8 rats
76 creatures vanquished.

Notes
Turn   | Place    | Note
-------+----------+-------------------------------------------
     0 | D:1      | boopmooplesden the Minotaur Gladiator began the quest for
                  | the Orb.
     0 | D:1      | Reached XP level 1. HP: 18/18 MP: 0/0
    78 | D:1      | Reached XP level 2. HP: 25/25 MP: 1/1
   131 | D:1      | Reached skill level 4 in Staves
   240 | D:1      | Found Livvuyta's Assorted Antiques.
   600 | D:1      | Reached XP level 3. HP: 28/30 MP: 2/2
  1096 | D:2      | Found a faded altar of an unknown god.
  1381 | D:2      | Found a stormy altar of Qazlal.
  1589 | D:2      | Reached skill level 1 in Armour
  1605 | D:2      | Reached XP level 4. HP: 31/37 MP: 3/3
  1702 | D:3      | Noticed Grinder
  1711 | D:3      | Killed Grinder
  1712 | D:3      | Reached skill level 6 in Staves
  1712 | D:3      | Reached XP level 5. HP: 45/45 MP: 4/4
  1824 | D:3      | Noticed Ijyb
  1829 | D:3      | Reached XP level 6. HP: 45/51 MP: 5/5
  1843 | D:3      | Killed Ijyb
  2248 | D:4      | Found Fitsuq Syphi's General Store.
  2266 | D:4      | Noticed Dowan
  2267 | D:4      | Noticed Duvessa
  2293 | D:4      | Killed Duvessa
  2294 | D:4      | Reached skill level 7 in Staves
  2294 | D:4      | Reached skill level 1 in Stealth
  2294 | D:4      | Killed Dowan
  2627 | D:4      | Found Irchapreh's Distillery.
  2678 | D:4      | HP: 1/51 [gnoll bouda/+0 trident (9)]
  2685 | D:4      | Slain by a gnoll

Illustrated notes

Levels and vault maps discovered:
D:1:      psy_arrival_statuary, layout_basic, serial_shops, shop,
          minmay_misc_feat_roman
D:2:      cheibrodos_greedy_goblins, layout_basic,
          dreamdust_ecumenical_altar_grove, basic_altar, minmay_misc_feat_five
D:3:      layout_basic, hangedman_decor_growths, uniq_grinder, uniq_ijyb
D:4:      kennysheep_big_flooded_room, layout_rooms,
          nicolae_dithmenos_the_darkroom, serial_shops, nicolae_shop_crystal,
          shop, uniq_duvessa

Skill      XL: |  1  2  3  4  5  6 |
---------------+-------------------+-----
Staves         | 4 6 7 |  7.3
Dodging        | 4 |  4.4
Armour         | 1 2 3 |  3.3
Fighting       | 3 |  3.3
Stealth        | 1 |  1.2
Throwing       | |  2.2

Action                     |  1- 3 |  4- 6 || total
---------------------------+-------+-------++-------
  Melee: Quarterstaff      |    82 |    66 ||   148
         Headbutt          |    15 |    17 ||    32
  Throw: Throwing net      |       |     3 ||     3
    Use: Scroll            |     3 |     7 ||    10
         Potion            |       |     3 ||     3
   Stab: Sleeping          |     1 |       ||     1
         Held in net/web   |       |     1 ||     1
 Armour: Leather armour    |    20 |    17 ||    37
  Dodge: Dodged            |    38 |    64 ||   102
